 Dungeon Crawl Stone Soup version 0.24.0-13-gcf9b319 (webtiles) character file.

Game seed: 16072712382029002710, levelgen mode: deterministic

88 Dharzhak the Skirmisher (level 4, -1/37 HPs)
             Began as a Formicid Abyssal Knight on Dec 15, 2019.
             Was a Believer of Lugonu.
             Slain by Grinder (6 damage)
             ... on level 3 of the Dungeon.
             The game lasted 00:07:20 (3919 turns).

Dharzhak the Skirmisher (Formicid Abyssal Knight)   Turns: 3919, Time: 00:07:20

Health: -1/37      AC: 11    Str: 17    XL:     4   Next: 81%
Magic:  5/5        EV:  5    Int: 12    God:    Lugonu [**....]
Gold:   96         SH:  0    Dex: 10    Spells: 3/3 levels left

rFire    . . .     SeeInvis +   p - +4 flail
rCold    . . .     Gourm    .   (no shield)
rNeg     . . .     Faith    +   s - +0 plate armour
rPois    .         Spirit   .   (helmet unavailable)
rElec    .         Reflect  .   (no cloak)
rCorr    .         Harm     .   (no gloves)
MR       .....                  (no boots)
Stlth    ..........             e - amulet of faith
HPRegen  0.12/turn              (no ring)
MPRegen  0.09/turn              (no ring)

@: no status effects
A: permanent stasis, dig shafts and tunnels, four strong arms, antennae 3
a: Dig, Shaft Self, Depart the Abyss, Bend Space, Renounce Religion


You were on level 3 of the Dungeon.
You worshipped Lugonu.
Lugonu was pleased with you.
You were not hungry.

You visited 1 branch of the dungeon, and saw 3 of its levels.
You visited the Abyss 1 time.

You collected 96 gold pieces.

Inventory:

Hand Weapons
 a - a +1 hand axe
 p - a +4 flail (weapon)
Missiles
 i - 14 poisoned darts (quivered)
 n - 3 javelins
Armour
 s - a +0 plate armour (worn)
Jewellery
 e - an amulet of faith (around neck)
Scrolls
 d - a scroll of amnesia {unknown}
 f - a scroll of teleportation {unknown}
 h - 3 scrolls of enchant weapon {unknown}
 k - a scroll of remove curse {unknown}
 l - 2 scrolls of identify {unknown}
 m - a scroll of immolation {unknown}
 r - a scroll of blinking {unknown}
Potions
 b - a potion of flight {unknown}
 g - a potion of heal wounds {unknown}
 j - 3 potions of agility {unknown}
Comestibles
 c - 3 rations


   Skills:
 + Level 4.1 Fighting
 + Level 3.4 Axes
 + Level 2.5 Armour
 + Level 1.4 Dodging
 + Level 0.8 Stealth
 + Level 2.1 Invocations


You had 3 spell levels left.
You didn't know any spells.
Your spell library was empty.

Dungeon Overview and Level Annotations

Branches:
Dungeon (3/15)

Altars:

Annotations:
D:3 Grinder


Innate Abilities, Weirdness & Mutations

You cannot be hasted, slowed, berserked, paralysed or teleported.
You can dig through walls and to a lower floor.
Your four strong arms can wield two-handed weapons with a shield.
You have a pair of large antennae on your head. (SInv)


Message History

You hit Grinder.
Grinder is heavily wounded.
Grinder hits you.
You writhe in agony.
You closely miss Grinder.
Grinder is heavily wounded.
Grinder gestures at you. Pain shoots through your body!
You hit Grinder.
Grinder is heavily wounded.
Grinder barely misses you. Grinder hits you.
* * * LOW HITPOINT WARNING * * *
You writhe in agony.
* * * LOW HITPOINT WARNING * * *
You barely miss Grinder.
Grinder is heavily wounded.
Grinder hits you but does no damage.
You closely miss Grinder.
Grinder is heavily wounded.
Grinder hits you.
You die...

##### ########...#######
..(......@5.....(#
#########..#####.#
.$........#...#.#
#######...#.#.#.#
#..!.(.#(#.#.#.#
#.####.#(#.#.#.######.##
.(#.#'#.#..........
##.#.........####.#
..#.........<(.#


You could see Grinder.

Vanquished Creatures
  Terence (D:2)
  An adder (D:2)
  3 dart slugs
  3 leopard geckos
  6 bats
  A giant cockroach (D:2)
  7 goblins
  3 hobgoblins
  4 jackals (D:1)
  4 frilled lizards
  7 kobolds
  7 rats (D:1)
47 creatures vanquished.

Notes
Turn   | Place    | Note
-------+----------+-------------------------------------------
     0 | Abyss:1  | Dharzhak the Formicid Abyssal Knight began the quest for
                  | the Orb.
     0 | Abyss:1  | Reached XP level 1. HP: 18/18 MP: 2/2
   122 | Abyss:1  | Noticed a brown very ugly thing
   123 | D:1      | Escaped the Abyss
   364 | D:1      | Reached XP level 2. HP: 23/24 MP: 3/3
   382 | D:1      | Reached * piety under Lugonu
   717 | D:1      | Reached XP level 3. HP: 11/30 MP: 4/4
  1036 | D:1      | Reached skill level 1 in Dodging
  1755 | D:2      | Reached XP level 4. HP: 25/37 MP: 5/5
  2193 | D:2      | Noticed Terence
  2199 | D:2      | Killed Terence
  2199 | D:2      | Reached ** piety under Lugonu
  2199 | D:2      | Reached skill level 4 in Fighting
  2850 | D:3      | Noticed Grinder
  3613 | D:3      | HP: 1/37 [Grinder/nerve-wracking pain (6)]
  3919 | D:3      | Slain by Grinder

Levels and vault maps discovered:
D:1:      lemuel_arrival_lava_pool, layout_basic, item_on_display_a
D:2:      layout_loops_ring, minmay_misc_feat_plants, uniq_terence
D:3:      layout_basic, first_ration, uniq_grinder

Skill      XL: |  1  2  3  4 |
---------------+-------------+-----
Dodging        | 1 |  1.4
Axes           | 3 |  3.4
Fighting       | 4 |  4.1
Armour         | |  2.5
Stealth        | |  0.8
Invocations    | |  2.1

Action                   |  1- 3 |  4- 6 || total
-------------------------+-------+-------++-------
Melee: Hand axe          |   107 |    24 ||   131
       Flail             |       |    73 ||    73
Throw: Dart              |       |    29 ||    29
Invok: Depart the Abyss  |     1 |       ||     1
  Eat: Chunk             |     2 |     4 ||     6
       Ration            |       |     1 ||     1
Armor: Leather armour    |    47 |     6 ||    53
       Plate armour      |       |    18 ||    18
       Scale mail        |       |    10 ||    10
Dodge: Dodged            |    90 |    32 ||   122
